cohdb
Replays
Latest Replays
All Replays
Popular Replays
Top Player Replays
Match Explorer
How It Works
Community
CoH3 Stats
Reddit
Sign in to upload your games and track your stats! →
Sign in with Steam
Match 44739275
Unlisted
Match 44739275
Overview
Messages
Build Orders
End
Construct Section Command Post
Vickers Machine Gun Team
Selects Australian Defense Battlegroup
Selects Australian Light Infantry Section
Infantry Section
Infantry Section
Grenade Package
Infantry Section
Selects Defensive Tactics
Construct Platoon Command Post
Selects Hold the Line!
Royal Engineer Section
Hold the Line!
Unlock Bishop Self-propelled Artillery
Bishop Self-propelled Artillery
Light Vehicle Training
Hold the Line!
Infantry Training
Hold the Line!
Exf
Gravey
CHOcho
Nateee
来吃鱼啊
抖音-疾风
m0NESY
TrumpSaveAmerica
0
0
Comments
sign in to comment!
No comments posted yet!